 Dungeon Crawl Stone Soup version 0.20-a0-957-g47ad1fd (webtiles) character file.

98 Koga the Charmwright (level 4, 0/33 HPs)
             Began as a Vampire Skald on Apr 5, 2017.
             Slain by a scorpion (7 damage)
             ... on level 4 of the Dungeon.
             The game lasted 00:07:46 (2784 turns).

Koga the Charmwright (Vampire Skald)                Turns: 2784, Time: 00:07:46

Health: 0/33       AC:  4    Str: 10    XL:     4   Next: 43%
Magic:  7/7        EV: 12    Int: 16    God:
Gold:   177        SH:  0    Dex: 13    Spells: 6/7 levels left

rFire    . . .     SeeInvis +   a - +0 falchion
rCold    . . .     Gourm    .   (no shield)
rNeg     + . .     Faith    .   g - -1 leather armour (curse)
rPois    .         Spirit   .   (no helmet)
rElec    .         Reflect  .   (no cloak)
rCorr    .         Harm     .   (no gloves)
MR       .....                  f - +1 pair of boots
Stlth    +.........             (no amulet)
Regen    0.2/turn               (no ring)
MPRegen  0.1/turn               k - ring of wizardry

@: lethally poisoned (0 -> -9)
A: fangs 3, see invisible, unbreathing
a: Bat Form


You were on level 4 of the Dungeon.
You were not thirsty.

You visited 1 branch of the dungeon, and saw 4 of its levels.

You collected 177 gold pieces.

Inventory:

Hand Weapons
 a - a +0 falchion (weapon)
Armour
 b - a +0 leather armour
 f - a +1 pair of boots (worn)
 g - a cursed -1 leather armour (worn)
Magical Staves
 j - an uncursed staff of air
Jewellery
 k - a ring of wizardry (right hand)
Wands
 n - a wand of iceblast (5/15)
Scrolls
 h - 5 scrolls of identify
 i - a scroll of teleportation
 l - a scroll of remove curse
Potions
 d - 8 potions of blood
 e - a potion of flight
 m - a potion of heal wounds {unknown}
Books
 c - a book of Battle

   Spells                             Type                      Level
   a - Infusion                       Charms                       1
   b - Shroud of Golubria             Charms/Translocation         2
   c - Song of Slaying                Charms                       2
   d - Spectral Weapon                Hexes/Charms                 3
   e - Regeneration                   Charms/Necromancy            3


   Skills:
 - Level 1.7 Fighting
 - Level 2.4 Long Blades
 - Level 0.7 Armour
 - Level 2.1 Dodging
 - Level 2.0 Spellcasting
 + Level 5.5 Charms


You had 6 spell levels left.
You knew the following spells:

 Your Spells              Type           Power        Failure   Level  Hunger
a - Infusion              Chrm           ###.         1%          1    #......


Dungeon Overview and Level Annotations

Branches:
Dungeon (4/15)
 Temple: D:4-7

Altars:
Kikubaaqudgha
Qazlal
Uskayaw
Wu Jian


Innate Abilities, Weirdness & Mutations

You have razor-sharp teeth.
You have supernaturally acute eyesight. (SInv)
You can survive without breathing.


Message History

You are too injured to fight recklessly!
You are too injured to fight recklessly!
You hit the scorpion but do no damage.
The scorpion is heavily wounded.
The scorpion stings you.
You are lethally poisoned!
The scorpion poisons you!
You barely miss the scorpion.
The scorpion is heavily wounded.
* * * LOW HITPOINT WARNING * * *
You feel sick. The scorpion closely misses you.
You hit the scorpion but do no damage.
The scorpion is heavily wounded.
* * * LOW HITPOINT WARNING * * *
You feel sick. The scorpion barely misses you.
You hit the scorpion.
The scorpion is severely wounded.
* * * LOW HITPOINT WARNING * * *
You feel sick. The scorpion stings you!
You die...

####+## #.......
#......#+######+###+####
#......#...............+
#......#...............#
#......#........@......#
#......#'####....s.....#
#......................#
#......########.###...##
#.......##....#..# ...#
#.....⌠....≈_.#..# ..#
+.........≈...#.. .#
#......≈..≈...#. .#
####+..≈≈≈≈≈.#


You could see a scorpion.

Vanquished Creatures
  Jessica (D:3)
  2 adders (D:3)
  An ooze (D:3)
  2 dart slugs (D:1)
  5 orcs (D:3)
  A ball python (D:3)
  4 bats (D:1)
  3 giant cockroaches
  4 hobgoblins
  2 jackals (D:1)
  2 quokkas (D:3)
  4 frilled lizards
  3 goblins (D:1)
  4 kobolds
  3 rats
41 creatures vanquished.

Vanquished Creatures (others)
  An orc wizard (D:4)
  A worker ant (D:4)
  A worm (D:4)
  3 orcs (D:4)
  A quokka (D:4)
  A frilled lizard (D:4)
8 creatures vanquished.

Grand Total: 49 creatures vanquished

Notes
Turn   | Place    | Note
-------+----------+-------------------------------------------
     0 | D:1      | Koga the Vampire Skald began the quest for the Orb.
     0 | D:1      | Reached XP level 1. HP: 16/16 MP: 3/3
   406 | D:1      | Reached XP level 2. HP: 22/22 MP: 0/5
   597 | D:1      | Reached skill level 4 in Charms
   943 | D:2      | Found a stormy altar of Qazlal.
   944 | D:2      | Found an ornate altar of the Wu Jian Council.
  1310 | D:3      | Noticed a dagger
  1311 | D:3      | Noticed a dagger
  1314 | D:3      | Found a hide-covered altar of Uskayaw.
  1315 | D:3      | Noticed Jessica
  1321 | D:3      | Reached XP level 3. HP: 27/27 MP: 6/6
  1329 | D:3      | Killed Jessica
  1329 | D:3      | Reached skill level 5 in Charms
  1681 | D:3      | Reached XP level 4. HP: 26/33 MP: 7/7
  1925 | D:3      | Found a faded altar of an unknown god.
  2752 | D:4      | Found an ancient bone altar of Kikubaaqudgha.
  2784 | D:4      | Slain by a scorpion

Vault maps used:
D:1:      saegor_arrival_simple_f
D:2:      gammafunk_temple_overflow_statue
D:3:      dancing_weapons_uskayaw, first_bread,
          chequers_ecumenical_altar_simple_redux, uniq_jessica
D:4:      kiku_gazebo_pond_becter, xom_confusion_cloud

Skill      XL: |  1  2  3 |
---------------+----------+-----
Charms         | 4 5 |  5.5
Fighting       | |  1.7
Long Blades    | |  2.4
Armour         | |  0.7
Dodging        | |  2.1
Spellcasting   | |  2.0

Action                   |  1- 3 |  4- 6 || total
-------------------------+-------+-------++-------
Melee: Falchion          |    72 |    57 ||   129
       Bite              |     7 |     4 ||    11
 Cast: Infusion          |     6 |       ||     6
  Use: Scroll            |     4 |     2 ||     6
       Potion            |       |     7 ||     7
 Stab: Sleeping          |     1 |     1 ||     2
Armor: Leather armour    |    32 |    13 ||    45
Dodge: Dodged            |    51 |    39 ||    90
       Rpst.: Falchion   |    16 |    10 ||    26
